 Dungeon Crawl Stone Soup version 0.17-a0-913-g36eb389 (webtiles) character file.

498 inmateoo the Ruffian (level 7, -3/40 HPs)
             Began as a Gargoyle Warper on May 3, 2015.
             Slain by an ice beast (13 damage)
             ... on level 6 of the Dungeon.
             The game lasted 00:05:14 (3135 turns).

inmateoo the Ruffian (Gargoyle Warper)              Turns: 3135, Time: 00:05:15

Health: -3/40      AC: 12    Str: 15    XL:     7   Next: 16%
Magic:  10/10      EV: 11    Int: 13    God:
Gold:   189        SH:  0    Dex: 11    Spells: 1 memorised, 9 levels left

rFire  . . .     SeeInvis .       - Unarmed
rCold  . . .     Clarity  .     a - +0 leather armour
rNeg   + . .     SustAb   .     (no shield)
rPois  ∞         Gourm    .     A - +1 helmet
rElec  +         Spirit   .     y - +0 cloak
rCorr  .         Warding  .     u - +0 pair of gloves
rMut   .         Stasis   .     (no boots)
MR     .....                    (no amulet)
Stlth  +.........               (no ring)
                                (no ring)

@: not resistant to hostile enchantments, very unstealthy
A: negative energy resistance 1, electricity resistance, unbreathing,
petrification resistance, rot immunity, AC +4
a: no special abilities


You were on level 6 of the Dungeon.
You were not hungry.

You visited 1 branch of the dungeon, and saw 5 of its levels.

You collected 189 gold pieces.

Inventory:

Missiles
 d - 5 tomahawks of dispersal (quivered)
Armour
 a - a +0 leather armour (worn)
 u - a +0 pair of gloves (worn)
 y - a +0 cloak (worn)
 A - a +1 helmet (worn)
Magical devices
 j - a wand of frost (0)
Scrolls
 c - a scroll of blinking
 f - 3 scrolls of teleportation
 l - 2 scrolls of remove curse
 q - a scroll of noise {unknown}
 r - a scroll of recharging {unknown}
 w - a scroll of enchant weapon
Potions
 g - a potion of heal wounds {unknown}
 h - a potion of agility
 i - a potion of cure mutation {unknown}
 k - 2 potions of mutation {unknown}
 m - a potion of ambrosia {unknown}
 o - a potion of haste {unknown}
 s - 2 potions of degeneration {unknown}
 t - a potion of might {unknown}
 z - a potion of beneficial mutation {unknown}
Books
 b - a book of Spatial Translocations

   Spells                             Type                      Level
   a - Apportation                    Translocation                1
   b - Blink                          Translocation                2
   c - Shroud of Golubria             Charms/Translocation         2
   d - Portal Projectile              Translocation                3
   e - Teleport Other                 Translocation                3
   f - Passage of Golubria            Translocation                4
Comestibles
 e - 3 bread rations
 p - a fruit
 v - 5 meat rations


   Skills:
 - Level 2.1 Fighting
 - Level 1.0 Throwing
 - Level 1.1 Armour
 - Level 1.5 Dodging
 * Level 7.6 Unarmed Combat
 - Level 2.0 Spellcasting
 - Level 2.6 Translocations


You had 9 spell levels left.
You knew the following spells:

 Your Spells              Type           Power        Failure   Level  Hunger
a - Apportation           Tloc           #.........   12%         1    ##.....


Dungeon Overview and Level Annotations

Branches:
Dungeon (6/15)
 Temple: D:4-7

Altars:
Nemelex Xobeh


Innate Abilities, Weirdness & Mutations

You are resistant to torment.
Your stone body is resilient (AC +4).
You are immune to poison.
You resist negative energy.
You are resistant to electric shocks.
You can survive without breathing.
You are immune to petrification.
You are immune to rotting.


Message History

You hit the ice beast.
The ice beast is lightly wounded.
The ice beast hits you. The ice beast freezes you!
Your leather armour prevents you from hitting the ice beast.
The ice beast is lightly wounded.
The ice beast closely misses you.
You hit the ice beast.
The ice beast is lightly wounded.
The ice beast barely misses you.
You hit the ice beast.
The ice beast is moderately wounded.
You closely miss the ice beast.
The ice beast is moderately wounded.
The ice beast closely misses you.
You hit the ice beast.
The ice beast is heavily wounded.
The ice beast hits you.
* * * LOW HITPOINT WARNING * * *
The ice beast freezes you!
You die...

###### #....# #....#
#....#
###########....########
#....Y@................
#.#########.....#######
#.......###........ ###
#.####..#_#..######
..##+#+## .
#.##....#'#..######
÷...)...#
#.#....................
........#
#.#.#.##............###
........# #.#.#
#......##....#
........###...#
#......##....#


You could see an ice beast.

Vanquished Creatures
  Blork the orc (D:4)
  A giant frog (D:6)
  A scorpion (D:6)
  3 hounds (D:4)
  A hound skeleton (D:4)
  3 gnolls (D:6)
  Robin (D:4)
  8 adders
  An ooze (D:1)
  3 giant geckos
  6 orcs (D:4)
  3 ball pythons
  A bat skeleton (D:3)
  8 giant cockroaches
  15 goblins
  9 hobgoblins
  6 jackals
  8 kobolds
  4 quokkas
  12 bats
  A giant gecko skeleton (D:4)
  2 giant newts
  A quokka skeleton (D:4)
  3 rats
102 creatures vanquished.

Notes
Turn   | Place    | Note
--------------------------------------------------------------
     0 | D:1      | inmateoo, the Gargoyle Warper, began the quest for the Orb.
     0 | D:1      | Reached XP level 1. HP: 12/12 MP: 3/3
   231 | D:1      | Reached XP level 2. HP: 14/17 MP: 5/5
   428 | D:1      | Reached skill level 3 in Unarmed Combat
   561 | D:2      | Reached XP level 3. HP: 19/21 MP: 6/6
   739 | D:2      | Reached skill level 4 in Unarmed Combat
   817 | D:2      | Reached XP level 4. HP: 26/26 MP: 7/7
  1655 | D:4      | Reached skill level 5 in Unarmed Combat
  1655 | D:4      | Reached XP level 5. HP: 13/30 MP: 8/8
  1944 | D:4      | Got an iridescent short sword
  1945 | D:4      | Identified the cursed +1 short sword "Nuniklae" {antimagic, MP+9} (You found it on level 4 of the Dungeon)
  1950 | D:4      | Noticed Blork the orc
  1971 | D:4      | Killed Blork the orc
  1971 | D:4      | Reached skill level 6 in Unarmed Combat
  1971 | D:4      | Reached XP level 6. HP: 17/35 MP: 6/9
  2197 | D:4      | Noticed Robin
  2276 | D:4      | Killed Robin
  2536 | D:4      | You fall through a shaft for 2 floors!
  2579 | D:6      | Reached skill level 7 in Unarmed Combat
  2612 | D:6      | Reached XP level 7. HP: 21/40 MP: 10/10
  3112 | D:6      | Found a sparkling altar of Nemelex Xobeh.
  3135 | D:6      | Slain by an ice beast

Action                   |  1- 3 |  4- 6 |  7- 9 || total
-------------------------+-------+-------+-------++-------
Melee: Unarmed           |    85 |   304 |    33 ||   422
  Use: Scroll            |       |     4 |       ||     4
       Potion            |       |     4 |       ||     4
  Eat: Chunk             |       |     6 |     1 ||     7
       Bread ration      |       |       |     1 ||     1
